 Dungeon Sprint DCSS version 0.27-a0-789-g6bb3289e1e (webtiles) character file.

Game seed: 2337380789464383103

10668 mhtbhm the Bludgeoner (level 11, -12/77 HPs)
             Began as a Gargoyle Fighter on Mar 26, 2021.
             Was the Champion of Okawaru.
             Killed from afar by a lindwurm (41 damage)
             ... with a blast of flame
             ... in the Dungeon (Sprint IX: "|||||||||||||||||||||||||||||").
             The game lasted 00:03:10 (1751 turns).

mhtbhm the Bludgeoner (Gargoyle Fighter)            Turns: 1751, Time: 00:03:11

Health: -12/77     AC: 23    Str: 26    XL:     11   Next: 65%
Magic:  11/11      EV: 12    Int:  9    God:    Okawaru [******]
Gold:   10         SH: 14    Dex:  9    Spells: 10/10 levels left

rFire    . . .     SeeInvis .   a - +2 morningstar (vorpal)
rCold    . . .     Faith    .   c - +0 kite shield
rNeg     + . .     Spirit   .   b - +1 scale mail
rPois    ∞         Reflect  .   o - +0 helmet
rElec    +         Harm     .   n - +0 cloak
rCorr    .         Rampage  .   (no gloves)
Will     .....     NoTele   +   (no boots)
Stlth    ..........             (no amulet)
HPRegen  0.22/turn              p - +3 ring of strength
MPRegen  0.12/turn              q - +2 ring of protection

@: no status effects
A: AC +8, negative energy resistance 1, electricity resistance, torment
resistance 1, unbreathing 1, petrification resistance
a: Renounce Religion, Heroism, Finesse


You were in the Dungeon.
You worshipped Okawaru.
Okawaru was exalted by your worship.
You visited 1 branch You collected 10 gold pieces.

Inventory:

Hand Weapons
 a - a +2 vorpal morningstar (weapon)
Armour
 b - a +1 scale mail (worn)
 c - a +0 kite shield (worn)
 n - a +0 cloak (worn)
 o - a +0 helmet (worn)
Jewellery
 p - a +3 ring of strength (right hand)
 q - a +2 ring of protection (left hand)
Wands
 m - a wand of acid (1)
Scrolls
 j - 5 scrolls of blinking
 l - 2 scrolls of amnesia
 r - 2 scrolls of enchant armour
 s - a scroll of fear
Potions
 d - 2 potions of might
 e - a potion of invisibility
 f - 4 potions of heal wounds
 g - a potion of haste
 h - 4 potions of magic
 i - a potion of cancellation
 k - 6 potions of curing


   Skills:
 + Level 12.8 Fighting
 + Level 15.8 Maces & Flails
 + Level 11.8 Armour
 + Level 8.0 Dodging
 + Level 2.2 Stealth
 + Level 15.1 Shields
 + Level 4.4 Evocations


You had 10 spell levels left.
You didn't know any spells.
Your spell library was empty.

Dungeon Overview and Level Annotations

Branches:
Dungeon (1/1)

Altars:
Cheibriados
Dithmenos
Elyvilon
Fedhas
Gozag
Hepliaklqana
Kikubaaqudgha
Makhleb
Nemelex Xobeh
Okawaru
Qazlal
Ru
Sif Muna
Trog
Uskayaw
Vehumet
Wu Jian
Xom
Yredelemnul
Zin
The Shining One
Beogh
Jiyva
Lugonu


Innate Abilities, Weirdness & Mutations

Your stone body is resilient. (AC +8)
You are immune to poison.
You resist negative energy. (rN+)
You are resistant to electric shocks. (rElec)
You are resistant to unholy torment.
You can survive without breathing.
You are immune to petrification.


Message History

The tyrant leech is moderately wounded.
Unknown command.
You closely miss the tyrant leech.
The tyrant leech is moderately wounded.
The tyrant leech barely misses you.
You barely miss the tyrant leech.
The tyrant leech is moderately wounded.
You closely miss the tyrant leech.
The tyrant leech is moderately wounded.
The tyrant leech bites you.
You bludgeon the tyrant leech!!
The tyrant leech is severely wounded.
Your scale mail prevents you from hitting the tyrant leech.
The tyrant leech is severely wounded.
You block the tyrant leech's attack.
You barely miss the tyrant leech.
The tyrant leech is severely wounded.
The tyrant leech bites you but does no damage.
You hit the tyrant leech.
The tyrant leech is almost dead.
You sock the tyrant leech!
You kill the tyrant leech!
Okawaru accepts your kill.
Your Dodging skill increases to level 8!
Unknown command.
You hit the worm.
The worm is lightly wounded.
You completely miss the worm.
The worm is lightly wounded.
You block the worm's attack.
You bludgeon the worm!!
You kill the worm!
Okawaru accepts your kill.
You puncture the worm!
You kill the worm!
Okawaru accepts your kill. The lindwurm breathes flames at you.
The blast of flame hits you!!!
Ouch! That really hurt!
You die...

▓.▓.▓
▓.▓.▓.▓
▓[▓.▓.▓
▓.▓.▓.▓
▓.▓.▓w▓
▓)▓.▓k▓
▓.▓.▓.▓
▓.▓.▓†▓
▓'▓.▓@▓
▓_▓.▓.▓
▓_▓.▓.▓
▓_▓.▓.▓
▓_▓.▓.▓
▓_▓.▓.▓
▓_▓.▓.▓
▓_▓.▓.▓
▓_▓.▓.▓


You could see a tyrant leech and a lindwurm (catching breath).

Vanquished Creatures
  2 hydras (D)
  3 centaur warriors (D)
  A tengu warrior (D)
  A death yak (D)
  A two-headed ogre (D)
  2 lindwurms (D)
  An ugly thing (D)
  A black mamba (D)
  An elephant (D)
  5 cane toads (D)
  An unseen horror (D)
  A komodo dragon (D)
  2 tyrant leeches (D)
  A yak (D)
  2 basilisks (D)
  A water moccasin (D)
  A sky beast (D)
  A centaur (D)
  A phantom (D)
  3 bullfrogs (D)
  A scorpion (D)
  2 howler monkeys (D)
  A hound (D)
  An adder zombie (D)
  2 worms (D)
  An endoplasm (D)
  A hobgoblin (D)
  A ball python (D)
  A ball python zombie (D)
  A frilled lizard (D)
  A kobold (D)
45 creatures vanquished.

Vanquished Creatures (others)
  A vampire (D)
1 creature vanquished.

Grand Total: 46 creatures vanquished

Notes
Turn   | Place    | Note
-------+----------+-------------------------------------------
     0 | D        | mhtbhm the Gargoyle Fighter began the quest for the Orb.
     0 | D        | Reached XP level 1. HP: 14/14 MP: 1/1
    82 | D        | Noticed a hound
    82 | D        | Noticed a sky beast
    82 | D        | Noticed a scorpion
    82 | D        | Noticed a phantom
    95 | D        | Killed a phantom
    96 | D        | Reached skill level 5 in Fighting
    96 | D        | Reached skill level 5 in Armour
    96 | D        | Reached skill level 1 in Dodging
    96 | D        | Reached skill level 5 in Shields
    96 | D        | Reached XP level 2. HP: 17/21 MP: 2/2
    96 | D        | Reached XP level 3. HP: 21/26 MP: 3/3
    96 | D        | Reached XP level 4. HP: 25/31 MP: 4/4
   106 | D        | Reached XP level 5. HP: 25/36 MP: 5/5
   118 | D        | Killed a sky beast
   119 | D        | Reached skill level 5 in Maces & Flails
   141 | D        | Reached XP level 6. HP: 14/42 MP: 6/6
   148 | D        | Found a snail-covered altar of Cheibriados.
   148 | D        | Found a shadowy altar of Dithmenos.
   148 | D        | Found a white marble altar of Elyvilon.
   148 | D        | Found a blossoming altar of Fedhas.
   148 | D        | Found an opulent altar of Gozag.
   149 | D        | Found a hazy altar of Hepliaklqana.
   150 | D        | Found a viscous altar of Jiyva.
   151 | D        | Found an ancient bone altar of Kikubaaqudgha.
   152 | D        | Found a corrupted altar of Lugonu.
   153 | D        | Found a burning altar of Makhleb.
   154 | D        | Found a sparkling altar of Nemelex Xobeh.
   155 | D        | Found an iron altar of Okawaru.
   156 | D        | Found a stormy altar of Qazlal.
   157 | D        | Found a sacrificial altar of Ru.
   158 | D        | Found a shimmering blue altar of Sif Muna.
   159 | D        | Found a bloodstained altar of Trog.
   160 | D        | Found a hide-covered altar of Uskayaw.
   161 | D        | Found a radiant altar of Vehumet.
   162 | D        | Found an ornate altar of the Wu Jian Council.
   163 | D        | Became a worshipper of Warmaster Okawaru
   164 | D        | Found a shimmering altar of Xom.
   165 | D        | Found a basalt altar of Yredelemnul.
   166 | D        | Found a glowing silver altar of Zin.
   167 | D        | Found a glowing golden altar of the Shining One.
   358 | D        | Noticed a two-headed ogre
   364 | D        | Killed a two-headed ogre
   364 | D        | Reached * piety under Okawaru
   364 | D        | Reached ** piety under Okawaru
   364 | D        | Reached *** piety under Okawaru
   365 | D        | Reached skill level 10 in Maces & Flails
   365 | D        | Reached skill level 10 in Shields
   365 | D        | Reached XP level 7. HP: 39/49 MP: 7/7
   367 | D        | Reached XP level 8. HP: 44/55 MP: 8/8
   383 | D        | Killed an unseen horror
   383 | D        | Reached **** piety under Okawaru
   618 | D        | Noticed a centaur warrior
   618 | D        | Noticed a vampire
   618 | D        | Noticed a centaur warrior
   618 | D        | Noticed a centaur warrior
   618 | D        | Noticed a tengu warrior
   618 | D        | Noticed a green ugly thing
   625 | D        | Killed a green ugly thing
   626 | D        | Reached skill level 5 in Dodging
   626 | D        | Reached XP level 9. HP: 55/60 MP: 9/9
   641 | D        | Killed a tengu warrior
   641 | D        | Reached ***** piety under Okawaru
   642 | D        | Reached skill level 1 in Evocations
   654 | D        | Killed a centaur warrior
   655 | D        | Reached skill level 10 in Fighting
   655 | D        | Killed a centaur warrior
   656 | D        | Reached skill level 10 in Armour
   656 | D        | Reached XP level 10. HP: 40/68 MP: 10/10
   656 | D        | Killed a centaur warrior
   896 | D        | Noticed a cane toad
   896 | D        | Noticed a cane toad
   896 | D        | Noticed a five-headed hydra
   896 | D        | Noticed a cane toad
  1182 | D        | Killed a five-headed hydra
  1182 | D        | Identified the +1 robe of Filigreed Surprise {rPois Will++
                  | Str-3} (Okawaru gifted it to you in the Dungeon)
  1182 | D        | Received a gift from Okawaru
  1184 | D        | Killed a cane toad
  1187 | D        | Killed a cane toad
  1196 | D        | Killed a cane toad
  1206 | D        | Noticed a black mamba
  1217 | D        | Killed a black mamba
  1218 | D        | Reached XP level 11. HP: 47/76 MP: 11/11
  1230 | D        | Noticed an eight-headed hydra
  1233 | D        | Reached skill level 1 in Stealth
  1233 | D        | Noticed a death yak
  1241 | D        | Killed an eight-headed hydra
  1241 | D        | Reached ****** piety under Okawaru
  1515 | D        | Killed a death yak
  1516 | D        | Reached skill level 15 in Maces & Flails
  1718 | D        | Noticed a lindwurm
  1718 | D        | Noticed a lindwurm
  1719 | D        | Noticed a lindwurm
  1722 | D        | Killed a lindwurm
  1728 | D        | Killed a lindwurm
  1728 | D        | Received a gift from Okawaru
  1729 | D        | Reached skill level 15 in Shields
  1751 | D        | Killed from afar by a lindwurm

Illustrated notes

Levels and vault maps discovered:
D:        linesprint [early_d, line_temple, items_1, d_10, items_2, lair_1,
          lair_end, items_3, orc_1, orc_end, items_4, d_15, swamp_1, shoals_1,
          snake_1, spider_1, d_20, vaults_1, items_5, swamp_end, shoals_end,
          snake_end, spider_end, vaults_end, d_27, items_6, zot_1, zot_end,
          crypt_end, forest_end, elf_end, slime_end, tomb_end, abyss_end,
          pan_hell_end]

Skill      XL: |  1  2  3  4  5  6  7  8  9 10 11 |
---------------+----------------------------------+-----
Fighting       | 5 6 8 9 10 11 12 | 12.8
Maces & Flails | 3 4 6 10 11 13 14 15 | 15.8
Armour         | 5 6 7 8 10 11 | 11.8
Dodging        | 1 2 4 5 6 7 8 |  8.0
Shields        | 5 6 8 10 11 12 14 15 | 15.1
Evocations     | 2 3 4 |  4.4
Stealth        | 2 |  2.2

Action                   |  1- 3 |  4- 6 |  7- 9 | 10-12 || total
-------------------------+-------+-------+-------+-------++-------
Melee: Flail             |    35 |    45 |       |       ||    80
       Morningstar       |       |     5 |    45 |   102 ||   152
Evoke: Wand              |       |       |     5 |     4 ||     9
  Use: Potion            |       |     2 |     1 |     2 ||     5
Armor: Scale mail        |    12 |    25 |    50 |    33 ||   120
Dodge: Dodged            |     6 |    11 |    18 |    24 ||    59
Block: Kite shield       |    27 |    29 |    43 |    51 ||   150

Table legend: (Time is in decaauts)
 A = Elapsed time spent in this place.
 B = Non-inter-level travel time spent in this place.
 C = Inter-level travel time spent in this place.
 D = Time resting spent in this place.
 E = Time spent auto-exploring this place.
 F = Levels seen in this place.
 G = Mean time per level.
                   A        B        C        D        E       F      G
               +--------+--------+--------+--------+--------+-----+--------+
         Total |   1748 |   1748 |      0 |   1089 |    205 |   1 | 1748.0 |
       Dungeon |   1748 |   1748 |      0 |   1089 |    205 |   1 | 1748.0 |
               +--------+--------+--------+--------+--------+-----+--------+

Top non-repeatable levels by time:
       D: 1748 daAuts
